Match 39648460
Unlisted

Match 39648460
End
Vickers Machine Gun Team
Construct Section Command Post
Selects Canadian Shock Battlegroup
Infantry Section
Infantry Section
Construct Field Infirmary
Grenade Package
Selects Attacking Spirit
Selects Canadian Shock Section
Canadian Shock Section
Construct Platoon Command Post
Selects Incendiary Munitions
Humber Armored Car
Canadian Shock Section
Selects Pyrotechnics
Infantry Training
AusGap
Mao
TidaL
rockkiller31
Losttruppen
Sauron
0
0

Comments sign in to comment!

No comments posted yet!